[Event "*** Titled Tuesday Blitz"]
[Site "Chess.com"]
[Date "2020.04.14"]
[Round "4"]
[White "GianmarcoVaR"]
[Black "Kumi29"]
[Result "1-0"]
[WhiteElo "2632"]
[BlackElo "2415"]
[TimeControl "180+1"]
[EndTime "10:41:46 PDT"]
[Termination "GianmarcoVaR won by checkmate"]

1. d4 e6 2. c4 b6 3. a3 Bb7 4.
Nc3 f5 5. Nh3 Nf6 6. f3 Be7 7.
e3 O-O 8. Bd3 Qe8 9. O-O Qh5 10.
Qe1 d6 11. Nf4 Qf7 12. d5 exd5 13. Bxf5 Kh8 14. Be6 Qe8 15. cxd5 Nbd7 16. Nb5 Qd8 17. Qh4 Ne5 18. Qh3 a6 19. Nd4 g5 20. Nh5 Nxd5 21. e4 Nf4 22. Nxf4 gxf4 23. Bf5 Rf7 24. Bxf4 Bc8 25.
Bxc8 Qxc8 26. Qxc8+ Rxc8 27. Bxe5+ dxe5 28. Nc6 Bd6 29.
b4 Rg8 30. Ra2 h5 31. Rd2 h4 32. Rd5 Rg5 33. f4 Rg4 34. fxe5 Rxf1+ 35. Kxf1 Bf8 36. Rd4 Rg6 37. Rc4 b5 38. Rc3 Rg4 39. Re3 Bh6 40.
Re2 Kg7 41. Nd4 Kf7 42. Nf3 Ke6 43. h3 Rf4 44. Ke1 Rf7 45. Kd1 Bf4 46. Kc2 Bxe5 47. Nxh4 Rg7 48. Nf3 Rg3 49. Rd2 Bf4 50.
Re2 c6 51. Nd4+ Ke5 52. Nxc6+ Ke6 53. Nd4+ Ke5 54. Nf3+ Ke6 55. h4 Bh6 56. h5 Bg7 57. Kd3 Rg4 58. Ke3 Bh6+ 59. Kf2 Rg8 60. Rc2 Bf4 61.
Rc6+ Kd7 62. Rg6 Rf8 63. h6 Be5 64. h7 Bd4+ 65. Ke2 Bb2 66. Rxa6 Rh8 67. Ra7+ Kd6 68. g4 Bc3 69. g5 Be5 70. g6 Bf6 71. Ke3 Bb2 72.
Ra6+ Ke7 73. e5 Bc1+ 74. Ke4 Bh6 75. Ra7+ Ke6 76. Ra6+ Ke7 77. Nh4 Rc8 78. Nf5+ Kf8 79. h8=Q# 1-0

[Event "*** Titled Tuesday Blitz"]
[Site "Chess.com"]
[Date "2020.04.14"]
[Round "4"]
[White "PchelkinVK"]
[Black "keepitcool9499"]
[Result "1-0"]
[WhiteElo "2464"]
[BlackElo "2276"]
[TimeControl "180+1"]
[EndTime "10:41:47 PDT"]
[Termination "PchelkinVK won by checkmate"]

1. d4 Nf6 2. Nc3 e6 3. e4 d5 4.
e5 Nfd7 5. Nf3 c5 6. dxc5 Nc6 7. Bf4 Bxc5 8. Bd3 f5 9. exf6 Nxf6 10. Qd2 Bd7 11.
O-O-O Qa5 12. Rhe1 O-O-O 13. Ne5 Nxe5 14. Bxe5 Rhf8 15.
Kb1 Qb6 16. Bg3 h6 17. Qf4 Bc6 18. Rxe6 Ne4 19. Qe5 Bd4 20. Rxc6+ bxc6 21. Qe6+ Kb7 22. Na4 Nc3+ 23. Nxc3 Bxc3 24. Qe7+ Ka8 25. b3 Rfe8 26. Qf7 Re1 27. Rxe1 Bxe1 28. Qxg7 Bxf2 29. Qf6 Bxg3 30. hxg3 Qc7 31. Qxh6 Kb7 32. Qe3 Rg8 33. g4 Qg7 34.
Bf5 Qc7 35. Qe6 Rg7 36. a4 Re7 37. Qf6 Re1+ 38. Kb2 Qe5+ 39. Qxe5 Rxe5 40. Kc3 Kc7 41. Kd4 Kd6 42. a5 c5+ 43. Kd3 Re7 44. c3 Ke5 45. b4 cxb4 46. cxb4 Kf4 47. b5 Ke5 48. Kc3 d4+ 49.
Kb4 Rc7 50. b6 axb6 51. axb6 Rf7 52. Kb5 Kd6 53. Ka6 Kc5 54. b7 Rf8 55. Ka7 d3 56. b8=Q Rxb8 57. Kxb8 d2 58. Bc2 d1=Q 59. Bxd1 Kd4 60.
g5 Ke5 61. Bf3 Kf4 62. Kc7 Kxg5 63. Kd6 Kf4 64. Kc5 Kg3 65. Kd4 Kf4 66. Kd3 Kg3 67.
Ke2 Kf4 68. Kf2 Kg5 69. g3 Kf6 70. Ke3 Kg7 71. g4 Kf6 72. Kf4 Kg7 73. Be4 Kf7 74. g5 Kg7 75. Kf5 Kf7 76. Bd5+ Kg7 77. Bg2 Kf7 78. g6+ Kg7 79. Kg5 Kh8 80. Kf6 Kg8 81.
Bd5+ Kh8 82. g7+ Kh7 83. g8=Q+ Kh6 84. Qh8# 1-0

[Event "*** Titled Tuesday Blitz"]
[Site "Chess.com"]
[Date "2020.04.14"]
[Round "4"]
[White "kpio91"]
[Black "PIwan"]
[Result "0-1"]
[WhiteElo "2734"]
[BlackElo "2562"]
[TimeControl "180+1"]
[EndTime "10:41:50 PDT"]
[Termination "PIwan won by resignation"]

1. e4 e6 2. d4 d5 3. Nc3 Nf6 4. Bg5 Bb4 5. e5 h6 6. Bh4 g5 7. Bg3 Ne4 8. Ne2 c5 9. a3 Ba5 10. dxc5 Bxc3+ 11. Nxc3 Nxc3 12. bxc3 Nd7 13. h4 gxh4 14.
Bxh4 Qc7 15. Qd4 Nxc5 16. Bf6 Rg8 17. Rxh6 Bd7 18. f3 Na4 19. c4 Nb6 20. cxd5 Nxd5 21. c4 Nxf6 22. Rxf6 O-O-O 23. Kf2 Be8 24. Qe3 Qa5 25.
Ra2 Rd1 26. Rf4 Rg5 27. Re4 Rh5 28. Kg1 Bc6 29. Rd4 Rxe5 30. Qf2 Ree1 31. Rxd1 Rxd1 32. g3 Qc3 33. Kg2 Bxf3+ 34. Qxf3 Qxf3+ 35. Kxf3 Rxf1+ 36. Ke4 Rc1 37. Kd4 Kd7 38. Rf2 Ke7 39. Rb2 b6 40.
a4 Ra1 41. Rb4 f5 42. Ke5 Re1+ 43. Kf4 Re4+ 44. Kf3 Re5 45. g4 Rc5 46. gxf5 exf5 47. Ke3 Kf6 48. Kd4 f4 49. Rb1 Kf5 50. Re1 f3 51.
Re8 Kf4 52. Kd3 Rf5 53. Kd2 Kg3 54. Ke1 Rc5 55. Kf1 Rxc4 56. Rg8+ Rg4 57. Rf8 Rxa4 58. Rg8+ Rg4 59. Rf8 b5 60. Rf7 a5 61. Rb7 a4 62.
Rxb5 Rh4 63. Rg5+ Kf4 64. Ra5 Rh1+ 65. Kf2 Rh2+ 66. Kf1 Ra2 67. Ra7 Ke3 68. Re7+ Kd4 69. Rf7 f2 70. Rf4+ Ke3 71. Rf7 Ra1+ 0-1

[Event "*** Titled Tuesday Blitz"]
[Site "Chess.com"]
[Date "2020.04.14"]
[Round "4"]
[White "Fins0905"]
[Black "TST2014"]
[Result "1-0"]
[WhiteElo "2738"]
[BlackElo "2534"]
[TimeControl "180+1"]
[EndTime "10:41:52 PDT"]
[Termination "Fins0905 won on time"]

1. e4 c5 2. Nf3 Nc6 3. d4 cxd4 4. Nxd4 Nf6 5. Nc3 d6 6. Bg5 e6 7. Qd2 a6 8. O-O-O Bd7 9. f4 h6 10.
Bxf6 Qxf6 11. Nf3 Qd8 12. Kb1 Be7 13. g4 Qc7 14. a3 O-O-O 15. Bd3 Kb8 16. h4 Qa5 17. g5 hxg5 18. hxg5 g6 19. Rh2 Rde8 20. Rdh1 Qd8 21. Rh7 Rxh7 22. Rxh7 Rh8 23. Qh2 Rxh7 24. Qxh7 Be8 25. Qg7 Ka7 26. Nd2 Qb6 27. Qg8 Qd8 28. Nc4 e5 29. Nd5 exf4 30. Nxf4 Bxg5 31. Nd5 Be7 32. Ncb6 Kb8 33. Qg7 Ne5 34. Be2 g5 35.
Nxe7 Qxe7 36. Nd5 Qd8 37. Nf6 Bc6 38. Qxg5 Nd7 39. Nxd7+ Qxd7 40. Qf4 Qe6 41. Bd3 Ka8 42. b3 f6 43. Qh6 Ka7 44. Qe3+ Ka8 45. Qh6 Bxe4 46. Bxe4 Qxe4 47. Qxf6 Qe1+ 48. Kb2 Qd2 49. Qc3 Qd5 50. Qh8+ Ka7 51. a4 a5 52. Qh4 Kb6 53. Qf2+ Qc5 54. Qf8 Qe5+ 55. Kb1 Qc5 56. Qd8+ Ka7 57.
Qe7 Qg1+ 58. Kb2 Qd4+ 59. Kb1 Qe5 60. Qd7 Kb6 61. Qd8+ Ka7 62. Qc7 Qe1+ 63. Kb2 Qe5+ 64. Kb1 Qc5 65. Qxc5+ dxc5 66. Kb2 Kb6 67. Kc3 Kc6 68.
Kc4 b6 69. c3 Kd6 70. Kb5 Kc7 71. Ka6 Kc6 72. c4 Kc7 73. Ka7 Kc6 74. Kb8 Kd6 75. Kb7 Ke5 76. Kxb6 Kd4 77. Kxa5 Kc3 78. Kb5 Kd4 79.
a5 Kc3 80. a6 Kxb3 81. a7 Kc3 82. a8=Q Kd4 83. Qd5+ Kc3 84. Kxc5 1-0

[Event "*** Titled Tuesday Blitz"]
[Site "Chess.com"]
[Date "2020.04.14"]
[Round "4"]
[White "mattcolins2025"]
[Black "amiralfio"]
[Result "0-1"]
[WhiteElo "2271"]
[BlackElo "2547"]
[TimeControl "180+1"]
[EndTime "10:41:57 PDT"]
[Termination "amiralfio won by checkmate"]

1. d4 Nf6 2. c4 e6 3. Nc3 Bb4 4. Qc2 O-O 5. a3 Bxc3+ 6. Qxc3 b6 7. Bg5 Bb7 8. f3 h6 9. Bh4 d5 10. e3 Nbd7 11. Bd3 c5 12. Ne2 cxd4 13. exd4 Rc8 14.
b3 Ba6 15. O-O Qc7 16. Bg3 Qc6 17. Rac1 dxc4 18. bxc4 Rfd8 19. Qb3 Nf8 20. Bf2 Bb7 21. Ng3 Qd6 22. Ne4 Nxe4 23. fxe4 e5 24. d5 Nd7 25. Be2 Nc5 26. Qb1 Ba6 27. Rfe1 Rc7 28. Bf1 Qg6 29.
Bg3 f6 30. Qc2 Rd6 31. Bf2 Bc8 32. Qe2 Bg4 33. Qe3 Kh7 34. h3 Bd7 35. Kh1 Bc8 36. Qf3 Qf7 37. Be3 Bd7 38. Qf2 Be8 39.
Bxc5 Rxc5 40. Bd3 Qd7 41. Qb2 Bg6 42. Bb1 h5 43. Qb4 Qc8 44. Qc3 h4 45. Qd3 Kg8 46.
Ba2 Kf7 47. Qf3 Qh8 48. Rf1 Qh5 49. Rce1 Qxf3 50. gxf3 b5 51. Rc1 bxc4 52. Rxc4 Rxc4 53. Bxc4 Ke7 54. Rb1 Be8 55. Rb7+ Rd7 56. Rxd7+ Bxd7 57. Kg2 Kd6 58. Be2 Kc5 59. Bf1 Kd4 60. Kf2 Kc3 61.
Ke3 Kb3 62. f4 Kxa3 63. fxe5 fxe5 64. Kd3 Kb4 65. Kc2 a5 66. Kb2 a4 67. Ka2 Kc5 68. Ka3 Kd4 69. Bg2 Ke3 70. Kb4 Kf2 71. Bh1 Kg3 72. Kc5 a3 73. Kd6 Ba4 74. Kxe5 a2 75. Kd6 a1=Q 76. e5 Kxh3 77. Be4 Kg3 78. e6 h3 79. e7 h2 80. Bf5 h1=Q 81. Bd7 Qh6+ 82. Kc7 Bxd7 83. Kxd7 Qa7+ 84. Kd8 Qxe7+ 85. Kxe7 Qd2 86.
d6 g5 87. Ke6 Qxd6+ 88. Kxd6 Kf4 89. Kd5 g4 90. Kd4 g3 91. Kd3 g2 92. Ke2 g1=Q 93.
Kd2 Qd4+ 94. Kc2 Qe3 95. Kb2 Ke4 96. Kb1 Qd2 97. Ka1 Kd3 98. Kb1 Kc3 99. Ka1 Qb2# 0-1

[Event "*** Titled Tuesday Blitz"]
[Site "Chess.com"]
[Date "2020.04.14"]
[Round "4"]
[White "RojonR"]
[Black "DinaBelenkaya"]
[Result "1/2-1/2"]
[WhiteElo "2394"]
[BlackElo "2180"]
[TimeControl "180+1"]
[EndTime "10:41:59 PDT"]
[Termination "Game drawn - insufficient material"]

1. e4 d5 2. exd5 Qxd5 3. Nc3 Qa5 4. d4 c6 5. Nf3 Bf5 6. Bd2 e6 7. Bc4 Qb6 8. O-O Nd7 9. Bb3 Be7 10. h3 Ngf6 11. Bf4 O-O 12. Na4 Qa5 13. c4 b5 14.
Nc3 bxc4 15. Bxc4 Nd5 16. Bd2 Qb6 17. Na4 Qb7 18. Ne5 N7b6 19. Nxb6 axb6 20. Qb3 b5 21. Bd3 Bxd3 22. Qxd3 c5 23. Nf3 c4 24. Qe4 Rfd8 25. Be3 Ra7 26. Ne5 Bf6 27. Ng4 Rda8 28. Nxf6+ Nxf6 29. Qxb7 Rxb7 30. a3 Nd5 31. Rac1 Ra4 32. Rfd1 Kf8 33. Kf1 Ke7 34. Ke2 Kd6 35. Bd2 Ra8 36. g3 h5 37. Be1 h4 38. g4 Nf4+ 39. Kf3 Nxh3 40. Bd2 g5 41. Rh1 Nf4 42. Bxf4+ gxf4 43. Rxh4 f6 44. Kxf4 Rg7 45. Rh6 Rf8 46. f3 Kd5 47.
Rh5+ e5+ 48. dxe5 fxe5+ 49. Ke3 Rgf7 50. Rd1+ Ke6 51. Rf1 Rf4 52. Rh6+ Kd5 53. Rd1+ Rd4 54. Rf1 Rd3+ 55. Ke2 Rf4 56. g5 e4 57. fxe4+ Kxe4 58. Rxf4+ Kxf4 59. g6 Rg3 60. Rh5 Rxg6 61. Rxb5 Ke4 62.
Kd2 Kd4 63. Rh5 Rg2+ 64. Kc1 Rg1+ 65. Kc2 Rg2+ 66. Kb1 Kd3 67. Rh3+ Kd4 68. Rc3 Rg1+ 69. Ka2 Rg2 70. a4 Rg1 71. a5 Rg6 72. Ra3 Ra6 73.
Ra4 Kc5 74. b3 cxb3+ 75. Kxb3 Kb5 76. Rb4+ Kxa5 77. Kc4 Rb6 78. Rxb6 Kxb6 1/2-1/2

[Event "*** Titled Tuesday Blitz"]
[Site "Chess.com"]
[Date "2020.04.14"]
[Round "4"]
[White "hongnhung1234"]
[Black "Danfii"]
[Result "0-1"]
[WhiteElo "2132"]
[BlackElo "2324"]
[TimeControl "180+1"]
[EndTime "10:42:12 PDT"]
[Termination "Danfii won by checkmate"]

1. e4 e5 2. Nf3 Nc6 3. d4 exd4 4.
Nxd4 Bc5 5. Be3 Qf6 6. c3 Nge7 7.
Bc4 b6 8. O-O O-O 9. Kh1 Qg6 10.
Nd2 Ne5 11. Be2 d5 12. f3 Bb7 13. Bf4 Bd6 14. Nb5 dxe4 15. Nxe4 Bxe4 16. fxe4 Rad8 17.
Qb3 Qxe4 18. Rae1 Qc6 19. Bxe5 Bxe5 20. Bc4 Bf6 21. Nxa7 Qd7 22. Nb5 Ng6 23. Nd4 c6 24. Nf5 b5 25. Be2 Rfe8 26. Qc2 Re5 27. Bg4 Rxe1 28.
Rxe1 Qc7 29. h3 Rf8 30. Qb3 Ne5 31. Bh5 g6 32. Nh6+ Kg7 33. Ng4 gxh5 34. Nxf6 Kxf6 35.
Rf1+ Kg7 36. Qd1 Ng6 37. Qxh5 Qe5 38. Qf3 f6 39. Qxc6 Re8 40. Qd7+ Re7 41. Qd2 Qe3 42. Qxe3 Rxe3 43. Rf2 Re1+ 44. Kh2 Ne5 45. Kg3 Nd3 46. Rd2 Re3+ 47. Kh2 Kg6 48. g4 Kg5 49. b3 Kf4 50. a4 bxa4 51. bxa4 Nc5 52. a5 Rxc3 53. a6 Nxa6 54. Rd6 Nc5 55. Rxf6+ Kg5 56. Rf7 Kg6 57. Rc7 Rc2+ 58. Kg1 Rc1+ 59. Kg2 h6 60. Rc6+ Kg5 61. h4+ Kxh4 62. Rxh6+ Kxg4 63. Rc6 Kf4 64. Kf2 Rc2+ 65. Kf1 Kf3 66. Rf6+ Ke3 67. Rc6 Rc1+ 68. Kg2 Rc2+ 69.
Kh3 Kf3 70. Rf6+ Ke4 71. Rc6 Kd5 72. Rc8 Rc3+ 73. Kg4 Rc1 74. Rd8+ Ke5 75. Rc8 Kd5 76. Rd8+ Kc4 77. Rc8 Rd1 78. Kf5 Rd6 79. Kg4 Kd5 80. Rf8 Ne4 81. Rf5+ Kd4 82. Rf8 Rg6+ 83. Kf5 Rg1 84.
Rd8+ Ke3 85. Re8 Rf1+ 86. Kg4 Rf4+ 87. Kh3 Kf3 88. Rg8 Nf2+ 89. Kh2 Rh4+ 90. Kg1 Rh1# 0-1

[Event "*** Titled Tuesday Blitz"]
[Site "Chess.com"]
[Date "2020.04.14"]
[Round "4"]
[White "bangchess21"]
[Black "Gahan-MG"]
[Result "1/2-1/2"]
[WhiteElo "2689"]
[BlackElo "2524"]
[TimeControl "180+1"]
[EndTime "10:42:15 PDT"]
[Termination "Game drawn - insufficient material"]

1. e4 Nf6 2. e5 Nd5 3. d4 d6 4. c4 Nb6 5. exd6 exd6 6. Nc3 Be7 7. Bd3 O-O 8. Nge2 Bf6 9. O-O Bg4 10. f3 Bh5 11.
Be3 Re8 12. Qd2 Nc6 13. Rae1 Bg6 14. b3 a5 15. Be4 a4 16. d5 Na5 17. Qc2 axb3 18. axb3 c5 19. dxc6 Nxc6 20. Rd1 Nb4 21. Qd2 Be7 22. Bxb7 Rb8 23. Be4 Bf8 24. Nf4 Nd7 25.
Nxg6 hxg6 26. Nb5 d5 27. Bxd5 Nxd5 28. Qxd5 Rxe3 29. Qxd7 Qb6 30. Kh1 Rxb3 31. Qd5 Rb2 32. Rd4 Qf6 33. Nc3 Rc2 34. Ne4 Qf4 35. Ng5 Qf6 36.
Ne4 Qf5 37. Rd2 Rbb2 38. Rxc2 Rxc2 39. Rd1 Qf4 40. Qd3 Rc1 41. Qf1 Rc2 42. Kg1 Qe3+ 43. Kh1 f5 44. Ng3 Bc5 45. Re1 Qc3 46. Rd1 Kh7 47.
f4 Qxc4 48. Qxc4 Rxc4 49. Rf1 Be3 50. Ne2 Rc2 51. Ng1 Kh6 52. Nh3 Kh5 53. Re1 Rc3 54. Rf1 Kh6 55. Re1 Bd2 56. Rd1 Rc1 57. Rxc1 Bxc1 58.
g3 Kh5 59. Kg2 Kh6 60. Ng5 Bd2 61. Kf3 Bb4 62. Ne6 Be7 63. h4 Bf6 64. Kg2 Kh7 65.
Nc7 Kg8 66. Nd5 Bd4 67. Kf3 Kf7 68. Nb4 Bf6 69. Nd3 Be7 70. Nf2 Bf6 71. Nd1 Be7 72.
Ne3 Bf6 73. Nd5 Ke6 74. Nc7+ Kf7 75. Ke3 Ke7 76. Nd5+ Ke6 77. Nb4 Kd6 78. Nc2 Kc5 79.
Ne1 Kd5 80. Nf3 Bc3 81. Kd3 Bb2 82. Kc2 Ba1 83. Kd3 Bb2 84. Ke2 Ke4 85. Ng5+ Kd5 86.
Kf3 Bf6 87. Nh7 Ke6 88. Nf8+ Kf7 89. Nh7 Kg8 90. Nxf6+ gxf6 91. g4 fxg4+ 92. Kxg4 Kg7 93. f5 gxf5+ 94. Kxf5 Kh6 95. h5 Kxh5 96. Kxf6 1/2-1/2

[Event "*** Titled Tuesday Blitz"]
[Site "Chess.com"]
[Date "2020.04.14"]
[Round "4"]
[White "PotapovaM"]
[Black "EugeneRougon"]
[Result "1/2-1/2"]
[WhiteElo "2524"]
[BlackElo "2688"]
[TimeControl "180+1"]
[EndTime "10:42:16 PDT"]
[Termination "Game drawn by repetition"]

1. d4 d6 2. e4 Nf6 3. Nc3 g6 4.
Bg5 Bg7 5. e5 Nfd7 6. exd6 cxd6 7. Qd2 Nc6 8. Nf3 O-O 9. Be2 Nf6 10. O-O Bg4 11. Rfe1 Rc8 12. h3 Bf5 13. a3 Re8 14. Rad1 Ne4 15. Nxe4 Bxe4 16. c3 d5 17. Bh6 Bxh6 18.
Qxh6 Bxf3 19. Bxf3 e6 20. h4 Qf6 21. h5 Qg7 22.
Qe3 g5 23. Qd2 h6 24. g3 Na5 25. Be2 Qf6 26. Kg2 a6 27. Bd3 b5 28. Re3 Nc4 29.
Bxc4 bxc4 30. Rf3 Qe7 31. Re1 Rb8 32. Re2 Rb6 33. Qe3 Reb8 34. Qc1 Qb7 35. Re5 Rxb2 36.
Rxg5+ hxg5 37. Qxg5+ Kf8 38. h6 f5 39. g4 Qh7 40.
gxf5 e5 41. Qf6+ Ke8 42. Qxe5+ Qe7 43. Qxd5 Qb7 44. Qe6+ Qe7 45. Qd5 Qb7 46. Qe6+ Kd8 47. f6 Rb6 48. Qe5 Qc7 49. f7 Kd7 50. Qf5+ Kc6 51. f8=Q Rxf8 52. Qxf8 Kb7 53. Qf4 Rg6+ 54. Kf1 Qxf4 55. Rxf4 Rxh6 56. Rf7+ Kb6 57. Rf5 Rh1+ 58. Ke2 Ra1 59. Rd5 Rxa3 60. Kd2 Ra2+ 61. Ke3 Rc2 62. Rc5 Rxc3+ 63. Ke4 Rc1 64. f4 Re1+ 65. Kd5 Rf1 66. Kxc4 Rxf4 67. Re5 Rf6 68. d5 Rf4+ 69. Kb3 Kc5 70. Re6 a5 71. Ra6 Kb5 72. Ra8 Rf3+ 73.
Kc2 Rf5 74. Kb2 Rxd5 75. Rb8+ Ka4 76. Rf8 Rd2+ 77. Kb1 Rh2 78. Rf4+ Kb5 79. Rf5+ Kb4 80. Rf4+ Kc3 81. Rf3+ Kd4 82. Rf4+ Ke3 83. Ra4 Rh5 84. Kb2 Kd3 85. Kb3 Rb5+ 86. Ka3 Kc3 87. Ka2 Rb2+ 88.
Ka1 Rb5 89. Ka2 Rb2+ 90. Ka1 Rb5 91. Ka2 1/2-1/2

[Event "*** Titled Tuesday Blitz"]
[Site "Chess.com"]
[Date "2020.04.14"]
[Round "4"]
[White "IM_Tissir"]
[Black "theblitzchamp"]
[Result "1/2-1/2"]
[WhiteElo "2515"]
[BlackElo "2676"]
[TimeControl "180+1"]
[EndTime "10:42:17 PDT"]
[Termination "Game drawn by agreement"]

1. e4 e5 2. Nf3 Nc6 3. Bc4 Nf6 4. d3 Be7 5. c3 O-O 6. Bb3 d5 7. Qe2 Bg4 8. Nbd2 Re8 9. Nf1 a5 10.
Ng3 a4 11. Bc2 d4 12. h3 Be6 13. c4 Bb4+ 14. Kf1 Nd7 15. a3 Bd6 16. Kg1 Nc5 17.
Kh2 Rf8 18. Ng5 Bd7 19. Qh5 h6 20. Nf3 Qf6 21. Rf1 Qg6 22. Qxg6 fxg6 23. Nh4 Kh7 24.
Bd2 Rf7 25. Kg1 Raf8 26. Rad1 Be7 27. Nf3 Bxh3 28. Nh2 Bd7 29. Ne2 g5 30. f3 b6 31.
Rf2 Nd8 32. Rdf1 Nde6 33. g3 Nd8 34. f4 exf4 35. gxf4 gxf4 36. Rxf4 Rxf4 37. Rxf4 Rxf4 38. Nxf4 Nde6 39. Nd5 Bd6 40. Nf3 Kg6 41. e5 Bf8 42. Bb4 Kf7 43. Bd2 g5 44. Ne1 Bc6 45. Nf3 Bg7 46.
Nh2 Nf8 47. Ng4 Ng6 48. Nxc7 Nxe5 49. Nxe5+ Bxe5 50. Nd5 Bxd5 51. cxd5 Ke7 52. Bb4 Kd6 53. Bxc5+ bxc5 54. Bxa4 Kxd5 55. Be8 Bf4 56. Kg2 Bc1 57. b3 Bxa3 58. Kf3 Ke5 59. Kg4 Bb4 60. Bf7 Kf6 61. Bc4 Ba5 62. Bd5 Bc7 63. Be4 Bd6 64. Bd5 Bf8 65. Be4 Ke5 66. Bd5 Kd6 67. Bc4 Kc6 68. Bf7 Kb5 69. Bc4+ Kb4 70. Kh5 Kc3 71. Kg4 Kd2 72. Kh5 Ke3 73. Kg4 Bg7 74. Bf7 Bf8 75. Bc4 Be7 76. Bb5 h5+ 77. Kxh5 Kf4 78. Bd7 Ke3 79. Bb5 Kf3 80. Bd7 Kg3 81. Bg4 Bd8 82. Be6 Kf2 83. Kg4 Ke3 84. Bc4 Kd2 85. Bb5 Kc3 86. Bc4 Kb4 87. Kf3 Ka5 88. Kg4 Kb6 89. Kf3 Kc6 90. Kg4 Kd6 91. Bb5 Ke5 92. Bc4 Kf6 93. Bb5 Ba5 94. Bc4 Bd2 95. Bb5 Bf4 96.
Bc4 Ke5 97. Bb5 Kd6 98. Bc4 Kc6 99. Kf3 Kb6 100. Kg4 Ka5 101. Kf3 Kb4 102. Kg4 Kc3 103. Kf3 Kd2 104. Kg4 Ke3 105. Bb5 Kf2 106. Bc4 Bd2 107. Bb5 Ke1 108. Bc4 Kd1 109. Bb5 Kc2 110. Bc4 Be3 111. Kf3 Kc3 112. Kg4 1/2-1/2

[Event "*** Titled Tuesday Blitz"]
[Site "Chess.com"]
[Date "2020.04.14"]
[Round "4"]
[White "BillieKimbah"]
[Black "SketchyMoves"]
[Result "1/2-1/2"]
[WhiteElo "2833"]
[BlackElo "2655"]
[TimeControl "180+1"]
[EndTime "10:42:24 PDT"]
[Termination "Game drawn - insufficient material"]

1. c4 b6 2. Nc3 e6 3. e4 Bb7 4. g3 Bb4 5. Bg2 Bxc3 6. bxc3 Ne7 7. Ne2 O-O 8. O-O d6 9. d3 Nd7 10. Bg5 h6 11. Be3 Rb8 12. Qd2 d5 13. cxd5 exd5 14.
Rad1 dxe4 15. dxe4 Nf6 16. Qc2 Qe8 17. Nd4 c5 18.
Ne2 Ng6 19. f3 Qe6 20. Rd2 Rbd8 21.
Rfd1 Rxd2 22. Qxd2 Re8 23. Nf4 Nxf4 24. Bxf4 Re7 25.
Qd8+ Re8 26. Qc7 Qe7 27. Qxe7 Rxe7 28. Bh3 Re8 29. Rd6 Bc8 30. Bxc8 Rxc8 31. Kf2 Kf8 32. e5 Ne8 33. Rd7 g5 34. Be3 Rc7 35. Rd8 Ke7 36.
Ra8 Rd7 37. f4 gxf4 38. Bxf4 Rd5 39. Bxh6 Rxe5 40. Bf4 Rd5 41. h4 Nf6 42. Bg5 Ke6 43. Bf4 Rd3 44. c4 Rc3 45. Rxa7 Rc2+ 46. Kf3 Rc3+ 47.
Kg2 Rxc4 48. Ra6 Kf5 49. Rxb6 Nd5 50. Rb5 Nxf4+ 51. gxf4 Rc2+ 52. Kg3 Rc3+ 53. Kf2 Kxf4 54. h5 Rc2+ 55. Ke1 Rxa2 56. Rxc5 Rh2 57. Kf1 f5 58. Rc4+ Kg5 59. Rc3 Rxh5 60. Kg1 Kf4 61. Kf2 Rh2+ 62. Kg1 Ra2 63. Kf1 Kg4 64. Kg1 Rb2 65. Kf1 Rb1+ 66. Kg2 Rb4 67. Kg1 Re4 68. Kf2 Rf4+ 69. Kg2 Rd4 70. Rg3+ Kh4 71. Rf3 Rg4+ 72. Kf2 Kg5 73.
Rb3 Rc4 74. Kg2 Kg4 75. Kf2 Rc2+ 76. Kf1 Kf4 77. Rd3 Ke4 78. Rb3 f4 79. Ra3 Rb2 80.
Rc3 Kf5 81. Ra3 Kg4 82. Rc3 Rb4 83. Ra3 Rd4 84. Rc3 Re4 85. Rd3 f3 86. Rd8 Kf4 87. Kf2 Re2+ 88. Kf1 Re7 89. Rd3 Rb7 90. Rd8 Rb1+ 91.
Kf2 Rb2+ 92. Kf1 Rb4 93. Rf8+ Ke3 94. Re8+ Kd3 95. Rd8+ Ke4 96. Re8+ Kf4 97. Rf8+ Kg3 98. Rg8+ Rg4 99. Rxg4+ Kxg4 100. Kf2 Kf4 101. Kf1 Kg3 102. Kg1 Kg4 103. Kf2 Kf4 104. Kf1 Ke4 105. Kf2 Kd3 106. Kxf3 1/2-1/2

[Event "*** Titled Tuesday Blitz"]
[Site "Chess.com"]
[Date "2020.04.14"]
[Round "4"]
[White "Micki-taryan"]
[Black "chito89"]
[Result "1-0"]
[WhiteElo "3117"]
[BlackElo "2788"]
[TimeControl "180+1"]
[EndTime "10:42:38 PDT"]
[Termination "Micki-taryan won on time"]

1. d4 Nf6 2. Nf3 e6 3. c4 Bb4+ 4. Bd2 a5 5. g3 d6 6. Bg2 Nbd7 7. O-O e5 8. e3 c6 9. Bc1 e4 10. Nfd2 d5 11. Nc3 O-O 12. a3 Be7 13. f3 exf3 14.
Qxf3 Nb6 15. c5 Nbd7 16. e4 dxe4 17. Ndxe4 Nxe4 18. Nxe4 Nf6 19. Be3 Be6 20. Nc3 Nd5 21.
Bf2 Qd7 22. Rfe1 Rfe8 23. Qd3 f5 24. Rxe6 Qxe6 25. Nxd5 cxd5 26. Re1 Qd7 27. Re5 Bf6 28. Rxd5 Qa4 29. Rxf5 Rad8 30. d5 Bxb2 31. d6 Qxa3 32. Qxa3 Bxa3 33. Bxb7 Rf8 34. Rd5 Bb4 35. Bc6 Rf6 36.
Bd4 Re6 37. Bb5 Re1+ 38. Kg2 Rd1 39. Bc4 Kh8 40. Bxg7+ Kxg7 41. Rxd1 Bxc5 42. d7 a4 43. Rd5 Be7 44. Ra5 Rxd7 45. Rxa4 Rc7 46. Bd3 Bf6 47. Rg4+ Kf8 48. Rf4 Kg7 49. Bxh7 Be5 50.
Re4 Bxg3 51. Bf5 Bd6 52. h4 Kf6 53. Bg4 Rc2+ 54. Kf3 Rc3+ 55. Ke2 Be5 56. Ra4 Rg3 57. Kf2 Rc3 58. Ra6+ Kg7 59. h5 Bd4+ 60. Kg2 Be5 61.
Bf5 Rg3+ 62. Kf2 Rg5 63. h6+ Kf7 64. Be4 Rh5 65. h7 Rh4 66. Kf3 Rf4+ 67. Ke3 Rh4 68. Ra5 Bf6 69. Ra7+ Be7 70. Ra6 Bf6 71. Kf3 Rh3+ 72. Kg2 Rh4 73. Bf5 Kg7 74. Kg3 Rh1 75. Be4 Rh6 76. Kg4 Rh4+ 77. Kf3 Rh5 78. Rc6 Rh3+ 79.
Kg4 Rh4+ 80. Kf3 Rh3+ 81. Kg2 Rh4 82. Bd3 Rh5 83. Rc7+ Kh6 84. Kf3 Kg5 85. Rc5+ Kh6 86. Rc6 Kg5 87. Be4 Rh3+ 88. Kg2 Rh4 89. Kf3 Rh3+ 90.
Ke2 Rh4 91. Kd3 Rh3+ 92. Kd2 Rh4 93. Bd3 Be5 94. Rg6+ Kf4 95. Re6 Rh2+ 96. Kd1 Rh1+ 97. Kc2 Rh2+ 98. Kb3 Rh3 99. Kc4 Rh5 100. Re8 Rh6 101. Kc5 Bd6+ 102. Kd5 Rh5+ 103. Kxd6 1-0

[Event "*** Titled Tuesday Blitz"]
[Site "Chess.com"]
[Date "2020.04.14"]
[Round "4"]
[White "enriquetejedor"]
[Black "TengisChess"]
[Result "1/2-1/2"]
[WhiteElo "2576"]
[BlackElo "2393"]
[TimeControl "180+1"]
[EndTime "10:43:06 PDT"]
[Termination "Game drawn by 50-move rule"]

1. e4 c6 2. Nc3 d5 3. Nf3 Bg4 4. h3 Bxf3 5. Qxf3 Nf6 6. d3 e6 7.
g3 Na6 8. a3 Qb6 9. Bg2 Be7 10.
O-O O-O 11. Qe2 Rfd8 12. Kh1 Rac8 13. f4 dxe4 14. dxe4 Nc5 15. g4 Qa6 16. Qe1 Na4 17. g5 Nh5 18. Nxa4 Qxa4 19. b3 Qd4 20. Be3 Qb2 21. Bf3 g6 22. Bxh5 gxh5 23. Qe2 Bf8 24. Bxa7 c5 25. Bb6 Rd7 26. Rad1 Rxd1 27. Rxd1 Qxa3 28.
f5 exf5 29. exf5 Qb4 30. Bd8 Qf4 31. Rf1 Qh4 32. Bf6 Qxh3+ 33. Kg1 c4 34. Bd4 Qg3+ 35. Qg2 Qxg2+ 36. Kxg2 cxb3 37. cxb3 Rc2+ 38. Kf3 Rd2 39. Ke4 Rg2 40. Be3 h4 41. Rh1 Rg4+ 42. Kf3 Rg3+ 43.
Ke2 Be7 44. f6 Bf8 45. Rxh4 h6 46. gxh6 Kh7 47. Rc4 Bxh6 48. Bxh6 Kxh6 49. Rb4 Kg6 50. Rb6 Kf5 51. b4 Ke5 52. Kd2 Rg6 53. Kc3 Rxf6 54.
Rxb7 Kd5 55. Kb3 Kc6 56. Ra7 Rf1 57. Ra8 f5 58. Rc8+ Kb7 59. Rf8 f4 60. Kc3 f3 61. Kd3 Rb1 62. Rf4 Rb3+ 63. Kd2 f2 64. Ke2 Rb2+ 65. Kf1 Kc6 66. Rxf2 Rb3 67. Rf6+ Kb5 68.
Rf8 Ka4 69. Ke2 Kxb4 70. Kd2 Ka3 71. Kc2 Rb2+ 72. Kc1 Rb4 73. Ra8+ Kb3 74. Rg8 Rc4+ 75. Kd2 Rd4+ 76. Ke3 Rd5 77. Ke4 Rd1 78. Rb8+ Kc2 79.
Ke3 Re1+ 80. Kf2 Rb1 81. Rc8+ Kb2 82. Ke2 Rc1 83. Rb8+ Kc2 84. Rb7 Rb1 85. Rc7+ Kb2 86. Kd2 Ka1 87. Ra7+ Kb2 88. Rb7+ Ka1 89. Rd7 Rb2+ 90.
Kc3 Rh2 91. Ra7+ Kb1 92. Rb7+ Kc1 93. Rg7 Rh3+ 94. Kd4 Kd2 95. Rg2+ Ke1 96. Ra2 Kd1 97. Ke4 Kc1 98. Kf4 Kb1 99. Rg2 Rb3 100. Ke4 Rb2 101. Rg1+ Ka2 102. Kd4 Rc2 103. Kd3 Rc7 104. Kd4 Kb3 105. Rg6 Kc2 106. Ra6 Rd7+ 107. Ke3 Re7+ 108. Kd4 Rd7+ 109. Kc5 Rc7+ 110. Kd6 Rc3 111. Kd5 Kd3 112. Ra1 Rc2 113. Rh1 Rd2 114. Rh3+ Kc2+ 115. Kc4 Rg2 116. Ra3 Rg4+ 117. Kd5 Kb2 118. Rf3 Rg5+ 119. Kd4 Kc2 1/2-1/2